 Dungeon Crawl Stone Soup version 0.30-a0-618-gd6c86c23d0 (webtiles) character file.

Game seed: 9019660221018967764

39 hikkokomori the Digger (level 3, 0/19 HPs)
             Began as a Gargoyle Earth Elementalist on Jan 10, 2023.
             Slain by an orc
             ... wielding a +0 club
              (3 damage)
             ... on level 2 of the Dungeon.
             The game lasted 00:01:06 (981 turns).

hikkokomori the Digger (Gargoyle Earth Elementalist) Turns: 981, Time: 00:01:07

Health: 0/19       AC:  5    Str: 11    XL:     3   Next: 45%
Magic:  1/7        EV: 11    Int: 17    God:
Gold:   55         SH:  0    Dex: 10    Spells: 6/7 levels left

rFire   . . .      SeeInvis .    d - +0 spear
rCold   . . .      Faith    .    (no shield)
rNeg    + . .      Spirit   .    a - +0 robe
rPois   ∞          Reflect  .    (no helmet)
rElec   +          Harm     .    (no cloak)
rCorr   .          Rampage  .    (no gloves)
Will    .....                    (no boots)
Stlth   ++                       f - amulet of regeneration
HPRegen 1.03/turn                (no ring)
MPRegen 0.10/turn                (no ring)

@: no status effects
A: sickness immunity, AC +3, negative energy resistance 1, electricity
resistance, torment resistance 1, petrification resistance
a: no special abilities


You were on level 2 of the Dungeon.
You visited 1 branch of the dungeon, and saw 2 of its levels.

You collected 55 gold pieces.

Inventory:

Hand Weapons
 d - a +0 spear (weapon)
Armour
 a - a +0 robe (worn)
Jewellery
 f - an amulet of regeneration (around neck)
Scrolls
 g - a scroll of summoning {unknown}
Potions
 b - a potion of magic
 c - 3 potions of curing {unknown}
 e - 2 potions of lignification {unknown}
 h - a potion of flight {unknown}


   Skills:
 - Level 1.5 Dodging
 - Level 2.1 Stealth
 + Level 2.8 Spellcasting
 - Level 0.7 Transmutations
 + Level 4.5 Earth Magic


You had 6 spell levels left.
You knew the following spells:

 Your Spells              Type           Power      Damage    Failure   Level
a - Sandblast             Erth           34%        2d9       2%          1

Your spell library contained the following spells:

 Spells                   Type           Power      Damage    Failure   Level
 Passwall                 Tmut/Erth      9%         N/A       9%          2
 Stone Arrow              Conj/Erth      20%        3d8       21%         3
 Petrify                  Tmut/Erth      11%        N/A       52%         4


Dungeon Overview and Level Annotations

Branches:
Dungeon (2/15)

Altars:


Innate Abilities, Weirdness & Mutations

You are immune to sickness and miasma.
Your stone body is resilient. (AC +3)
You are immune to poison.
You resist negative energy. (rN+)
You are resistant to electric shocks. (rElec)
You are resistant to unholy torment.
You are immune to petrification.


Message History

The bat hits you. The bat misses you.
The jackal bites you but does no damage.
The bat misses you.
An orc comes into view. It is wielding a +0 club.
The jackal barely misses you. The orc hits you with a +0 whip.
The bat hits you but does no damage.
The blast of sand hits the orc!
You kill the orc!
The bat barely misses you. The bat hits you but does no damage.
The bat barely misses you. The jackal closely misses you.
The jackal barely misses you.
The blast of sand misses the orc wizard.
The bat closely misses you. The jackal barely misses you.
The jackal closely misses you. The dart slug launches a dart at you.
The slug dart misses you.
The slug dart hits the orc wizard.
The bat barely misses you.
The orc wizard hits you with a +0 dagger.
An orc priest comes into view. It is wielding a +0 whip.
The blast of sand hits the orc wizard.
The orc wizard is moderately wounded.
The bat hits you but does no damage. x2; The jackal closely misses you.
The jackal bites you.
An adder comes into view.
The orc hits you but does no damage.
The orc wizard points at you and mumbles some strange words.
The magic dart hits you!
* * * LOW HITPOINT WARNING * * *
The bat hits you but does no damage. The dart slug bites you.
* * * LOW HITPOINT WARNING * * *
You are too injured to fight recklessly!
You are too injured to fight recklessly!
You are too injured to fight recklessly!
You are too injured to fight recklessly!
Unknown command.
The jackal bites you.
* * * LOW HITPOINT WARNING * * *
The bat hits you but does no damage. The orc wizard closely misses you.
The orc hits you with a +0 club.
You die... ....... # ###..... .. .#..... .. ..... ##. .... .#... ob#

......#w##.#
#.b@o..#
###oh...S#
#...#....
#.......#
.....## #
..##.. .##
..# .# ...


You could see an orc priest, an orc wizard, an adder (wandering), a dart slug,
an orc, a jackal and 2 bats.

Vanquished Creatures
  An adder (D:2)
  An orc (D:2)
  3 endoplasms (D:1)
  A giant cockroach (D:1)
  4 hobgoblins (D:1)
  4 jackals
  2 kobolds (D:1)
  A ball python (D:1)
  4 bats (D:1)
  2 goblins (D:1)
  4 rats (D:1)
27 creatures vanquished.

Notes
Turn   | Place    | Note
-------+----------+-------------------------------------------
     0 | D:1      | hikkokomori the Gargoyle Earth Elementalist began the quest
                  | for the Orb.
     0 | D:1      | Reached XP level 1. HP: 10/10 MP: 3/3
     6 | D:1      | Noticed a polar bear
     6 | D:1      | Noticed a water moccasin
     6 | D:1      | Noticed a killer bee
     8 | D:1      | Noticed a wyvern
   174 | D:1      | Found a faded altar of an unknown god.
   275 | D:1      | Reached XP level 2. HP: 15/15 MP: 3/5
   282 | D:1      | Reached skill level 4 in Earth Magic
   710 | D:1      | Reached XP level 3. HP: 19/19 MP: 6/6
   981 | D:2      | Slain by an orc

Illustrated notes

Levels and vault maps discovered:
D:1:      onia_arrival_zoo_common, layout_basic, ebering_ecumenical_altar_mist,
          minmay_cut_off
D:2:      layout_rooms, minmay_randomly_rotated_circles, uniq_robin

Skill      XL: |  1  2 |
---------------+-------+-----
Earth Magic    | 4 |  4.5
Dodging        | |  1.5
Stealth        | |  2.1
Spellcasting   | |  2.8
Transmutations | |  0.7

Action                   || total
-------------------------++-------
Melee: Spear             ||    44
 Cast: Sandblast         ||    20
 Stab: Sleeping          ||     3
Armor: Robe              ||    19
Dodge: Dodged            ||    42

Table legend: (Time is in decaauts)
 A = Elapsed time spent in this place.
 B = Non-inter-level travel time spent in this place.
 C = Inter-level travel time spent in this place.
 D = Time resting spent in this place.
 E = Time spent auto-exploring this place.
 F = Levels seen in this place.
 G = Mean time per level.
                   A        B        C        D        E       F      G
               +--------+--------+--------+--------+--------+-----+--------+
         Total |    994 |    958 |     36 |      0 |    800 |   2 |  497.0 |
       Dungeon |    994 |    958 |     36 |      0 |    800 |   2 |  497.0 |
               +--------+--------+--------+--------+--------+-----+--------+

Top non-repeatable levels by time:
     D:1: 983 daAuts
     D:2: 11 daAuts
